 Dungeon Crawl Stone Soup version 0.20.0-10-g0535bb4 (console) character file.

132 jeanjacques the Chiller (level 4, -9/33 HPs)
             Began as a Demonspawn Ice Elementalist on June 5, 2017.
             Mangled by Blork the orc
             ... wielding a +0 halberd
              (12 damage)
             ... on level 5 of the Dungeon.
             The game lasted 00:11:08 (1718 turns).

jeanjacques the Chiller (DsIE)                      Turns: 1718, Time: 00:11:09

Health: -9/33      AC:  6    Str:  9    XL:     4   Next: 92%
Magic:  2/7        EV: 16    Int: 21    God:
Gold:   128        SH:  0    Dex: 19    Spells: 4/7 levels left

rFire    . . .     SeeInvis .   a - +0 dagger (elec)
rCold    . . .     Gourm    .   (no shield)
rNeg     . . .     Faith    .   y - +0 ring mail
rPois    .         Spirit   .   (helmet restricted)
rElec    .         Reflect  .   (no cloak)
rCorr    .         Harm     .   x - +0 pair of gloves
MR       .....                  (no boots)
Stlth    +++.......             (no amulet)
Regen    0.2/turn               (no ring)
MPRegen  0.1/turn               (no ring)

@: brilliant, agile
A: antennae 1, sturdy frame 1
a: no special abilities


You were on level 5 of the Dungeon.
You were not hungry.

You visited 1 branch of the dungeon, and saw 5 of its levels.

You collected 128 gold pieces.

Inventory:

Hand Weapons
 a - a +0 dagger of electrocution (weapon)
 j - a +0 dagger
 m - a +0 whip
 o - a +0 spear
 r - a +0 short sword
 s - a +0 long sword
 w - a +0 dagger of venom
Missiles
 i - 39 stones (quivered)
 n - 42 sling bullets
Armour
 k - a cursed +0 helmet
 x - a +0 pair of gloves (worn)
 y - a +0 ring mail (worn)
Scrolls
 l - 2 scrolls of remove curse
 p - a scroll of enchant armour
 t - a scroll of recharging
Books
 b - a book of Frost

   Spells                             Type                      Level
   a - Freeze                         Ice                          1
   b - Throw Frost                    Conjuration/Ice              2
   c - Ozocubu's Armour               Charms/Ice                   3
   d - Throw Icicle                   Conjuration/Ice              4
   e - Summon Ice Beast               Ice/Summoning                4
Comestibles
 c - 2 bread rations
 d - 2 chunks of flesh {@w1}
 f - a meat ration
 z - 4 fruits


   Skills:
 - Level 1.7 Fighting
 + Level 1.5 Short Blades
 - Level 1.8 Dodging
 - Level 1.8 Stealth
 - Level 2.0 Spellcasting
 - Level 1.0 Conjurations
 - Level 4.3 Ice Magic


You had 4 spell levels left.
You knew the following spells:

 Your Spells              Type           Power        Failure   Level  Hunger
a - Freeze                Ice            ####         1%          1    #......
b - Throw Frost           Conj/Ice       ####..       1%          2    ##.....


Dungeon Overview and Level Annotations

Branches:
Dungeon (5/15)
 Temple: D:4-7

Altars:
Cheibriados
Elyvilon

Annotations:
D:4 crawlian's ghost, amateur DEFE
D:5 Blork the orc


Innate Abilities, Weirdness & Mutations

You have a pair of small antennae on your head.
Your movements are slightly less encumbered by armour. (ER -2)


Message History

It was a potion of curing.
You feel better. Something hits you but does no damage.
As you read the scroll labeled FOAZEURIZ UBBI, it crumbles to dust.
It is a scroll of identify.
l - 2 scrolls of remove curse Something hits you but does no damage.
As you read the scroll of identify, it crumbles to dust.
p - a scroll of enchant armour Something hits you but does no damage.
As you read the scroll of identify, it crumbles to dust.
t - a scroll of recharging A magic dart appears from out of thin air!
The magic dart hits you! Something hits you but does no damage.
As you read the scroll labeled TURUKL UTTU, it crumbles to dust.
It is a scroll of amnesia.
Forget which spell ([?*] list [ESC] exit)?
Forget which spell ([?*] list [ESC] exit)?
You don't know that spell.
Forget which spell ([?*] list [ESC] exit)?
Okay, then.
You feel less wooden.
Your +0 pair of gloves unmelds from your body.
Your +0 ring mail unmelds from your body.
Something completely misses you.
As you read the scroll labeled UZOUNE RIUCW, it crumbles to dust.
You feel aware of your surroundings.
You sensed 4 altars, and 1 shop/portal.
It was a scroll of magic mapping.
Something barely misses you. Something hits you!
* * * LOW HITPOINT WARNING * * *
You hear some strange, mumbled words.
A puff of flame appears from out of thin air!
The puff of flame misses you. Something hits you.
* * * LOW HITPOINT WARNING * * *
You see here a leopard gecko corpse.
You closely miss something. The quokka misses you.
Something hits you but does no damage.
The quokka bites you but does no damage.
You closely miss something. Something hits you!
You die...

*,,,,,,,,,,,,,,,,*****,*,,,,****,
****,,,,,*******,,****,**,*** *,
*,,,,,,,,* **,,,,*,**,******,
*,**,,**,* ****,,,,,,,,,,,,,
*,,,,,**,* ***,*,*******,
*,,**,,,,*** ######...* *,
*,*****,,,,* ##......#** *, ***
**!.,** #..#***,,* *, *#...###6##
**,* *, *##...r{#### *,* **
*#........r##*,*
*#....#####{.#*,*********
**..##.* ##.#*,,,,,,,,,,
*,.**#,******...,,*,,,,,,,
*******,****,,*,,,*.....,,,,,,,,
*,,,,,,,,,,,,,,,,,,.>..##,,,,,,,
**,,,,,,,*****,,,,,,.....#*******


You could see a quokka.

Vanquished Creatures
  Jessica (D:3)
  3 adders
  2 worms (D:2)
  4 dart slugs
  2 leopard geckos
  5 giant cockroaches
  10 goblins
  5 hobgoblins
  4 jackals
  4 kobolds
  A quokka (D:3)
  9 bats
  7 frilled lizards
  A quokka skeleton (D:4)
  5 rats
63 creatures vanquished.

Notes
Turn   | Place    | Note
-------+----------+-------------------------------------------
     0 | D:1      | jeanjacques the Demonspawn Ice Elementalist began the quest for the Orb.
     0 | D:1      | Reached XP level 1. HP: 13/13 MP: 3/3
   180 | D:1      | Reached skill level 3 in Ice Magic
   226 | D:1      | Gained mutation: Your movements are slightly less encumbered by armour. (ER -2) [demonic ancestry]
   226 | D:1      | Reached XP level 2. HP: 11/19 MP: 3/5
   631 | D:2      | Learned a level 2 spell: Throw Frost
   734 | D:2      | Reached XP level 3. HP: 13/24 MP: 6/6
   888 | D:2      | Reached skill level 1 in Fighting
  1030 | D:1      | Reached skill level 4 in Ice Magic
  1237 | D:2      | Gained mutation: You have a pair of small antennae on your head. [demonic ancestry]
  1237 | D:2      | Reached XP level 4. HP: 17/32 MP: 2/7
  1306 | D:3      | Noticed Jessica
  1310 | D:3      | Killed Jessica
  1344 | D:3      | Found a snail-covered altar of Cheibriados.
  1538 | D:3      | Reached skill level 1 in Short Blades
  1609 | D:3      | Found a white marble altar of Elyvilon.
  1679 | D:4      | Noticed crawlian's ghost (amateur DEFE)
  1685 | D:5      | Entered Level 5 of the Dungeon
  1685 | D:5      | Noticed Blork the orc
  1716 | D:5      | HP: 3/33 [something (6)]
  1718 | D:5      | Mangled by Blork the orc

Skill      XL: |  1  2  3  4 |
---------------+-------------+-----
Ice Magic      | 3 4 |  4.3
Fighting       | 1 |  1.7
Short Blades   | 1 |  1.5
Dodging        | |  1.8
Stealth        | |  1.8
Spellcasting   | |  2.0
Conjurations   | |  1.0

Action                   |  1- 3 |  4- 6 || total
-------------------------+-------+-------++-------
Melee: Unarmed           |    10 |       ||    10
       Short sword       |    47 |       ||    47
       Dagger            |    58 |    58 ||   116
Throw: Stone             |    23 |     3 ||    26
 Cast: Freeze            |    42 |     7 ||    49
       Throw Frost       |     2 |     3 ||     5
  Use: Scroll            |     1 |     5 ||     6
       Potion            |       |     4 ||     4
 Stab: Sleeping          |     1 |     1 ||     2
  Eat: Chunk             |     2 |     2 ||     4
Armor: Robe              |    44 |     2 ||    46
       Skin              |       |    21 ||    21
       Ring mail         |       |    20 ||    20
Dodge: Dodged            |   109 |    45 ||   154

Table legend:
 A = Turns spent in this place as a percentage of turns spent in the entire game.
 B = Non-inter-level travel turns spent in this place as a percentage of non-inter-level travel turns spent in the entire game.
 C = Inter-level travel turns spent in this place as a percentage of turns spent in this place.
 D = Turns resting spent in this place as a percentage of non-inter-level travel turns spent in this place.
 E = Turns spent auto-exploring this place as a percentage of non-inter-level travel turns spent in this place.
 F = Non-inter-level travel turns spent in this place divided by the number of levels of this place that you've seen.
                   A       B       C       D       E      F
               +-------+-------+-------+-------+-------+----------------------
         Total | 100.0 | 100.0 |   0.4 |   0.2 |   2.8 | 227.4
       Dungeon | 100.0 | 100.0 |   0.4 |   0.2 |   2.8 | 227.4
               +-------+-------+-------+-------+-------+----------------------

Table legend:
 A = Kills in this place as a percentage of kills in entire the game.
 B = Kills by you in this place as a percentage of kills by you in the entire game.
 C = Kills by friends in this place as a percentage of kills by friends in the entire game.
 D = Other kills in this place as a percentage of other kills in the entire game.
 E = Experience gained in this place as a percentage of experience gained in the entire game.
 F = Experience gained in this place divided by the number of levels of this place that you have seen.
                   A       B       C       D       E      F
               +-------+-------+-------+-------+-------+----------------------
         Total | 100.0 | 100.0 |  -nan |  -nan | 100.0 |  37.8
       Dungeon | 100.0 | 100.0 |  -nan |  -nan | 100.0 |  37.8
               +-------+-------+-------+-------+-------+----------------------

Vault maps used:
D:1:      wheals_arrival_shading, st_stairs_3, minmay_misc_feat_hallway
D:3:      elyvilon_altar_4, marbit_many_paths, uniq_jessica
D:4:      gammafunk_temple_overflow_wave, serial_shops, kennysheep_mini_moat,
          shop, amethyst_killhole, nemelex_dance_club_becter
D:5:      nicolae_ru_the_path_less_chosen, fedhas_altar_4,
          kiku_gazebo_garden_becter, first_bread, serial_shops, shop,
          minmay_misc_feat_rugged, nicolae_ashenzari_panopticon,
          uniq_blork_the_orc

Action                   |  1- 3 |  4- 6 || total
-------------------------+-------+-------++-------
Melee: Unarmed           |    10 |       ||    10
       Short sword       |    47 |       ||    47
       Dagger            |    58 |    58 ||   116
Throw: Stone             |    23 |     3 ||    26
 Cast: Freeze            |    42 |     7 ||    49
       Throw Frost       |     2 |     3 ||     5
  Use: Scroll            |     1 |     5 ||     6
       Potion            |       |     4 ||     4
 Stab: Sleeping          |     1 |     1 ||     2
  Eat: Chunk             |     2 |     2 ||     4
Armor: Robe              |    44 |     2 ||    46
       Skin              |       |    21 ||    21
       Ring mail         |       |    20 ||    20
Dodge: Dodged            |   109 |    45 ||   154
